 Dungeon Crawl Stone Soup version 0.31-a0-920-g28cbb04a8c (webtiles) character file.

Game seed: 15355016764269382385

7 Azuregosa the Sneak (level 2, 0/21 HPs)
             Began as an Octopode Delver on Oct 17, 2023.
             Succumbed to a scorpion's poison
             ... on level 5 of the Dungeon.
             The game lasted 00:01:36 (92 turns).

Azuregosa the Sneak (Octopode Delver)                 Turns: 92, Time: 00:01:36

Health: 0/21       AC:  1    Str: 11    XL:     2   Next: 4%
Magic:  2/2        EV: 13    Int: 12    God:
Gold:   26         SH:  0    Dex: 13    Spells: 1/1 levels left

rFire   . . .        c - +4 whip (flame)
rCold   . . .        (no shield)
rNeg    . . .        (helmet restricted)
rPois   .            (no amulet)
rElec   .            (no ring)
rCorr   .            (no ring)
SInv    .            (no ring)
Will    .....        (no ring)
Stlth   ++++         (no ring)
HPRegen 0.23/turn    (no ring)
MPRegen 0.08/turn    (no ring)
                     (no ring)

%: no passive effects
@: lethally poisoned (0 -> -12)
A: almost no armour, amphibious, 8 rings, camouflage 1, gelatinous body 1,
(nimble swimmer 1), tentacles
a: no special abilities


You were on level 5 of the Dungeon.
You visited 1 branch of the dungeon, and saw 2 of its levels.

You collected 26 gold pieces.

Inventory:

Hand Weapons
 a - a +0 short sword
 c - a +4 whip of flaming (weapon)
Wands
 f - a wand of digging (3)
Scrolls
 b - a scroll of fog
 d - a scroll of fear
Potions
 e - a potion of haste


   Skills:
 - Level 3.0 Fighting
 - Level 2.0 Short Blades
 + Level 2.7 Dodging
 - Level 6.6 Stealth


You had one spell level left.
You didn't know any spells.
Your spell library was empty.

Dungeon Overview and Level Annotations

Branches:
Dungeon (6/15)             Temple (0/1) D:5

Altars:
Kikubaaqudgha


Innate Abilities, Weirdness & Mutations

You cannot wear most types of armour.
You are amphibious.
You can wear up to eight rings at the same time.
Your skin changes colour to match your surroundings (Stealth+).
Your rubbery body absorbs attacks. (AC +1, EV +1)
((You are camouflaged when in or above water. (Stealth+)))
You have tentacles for arms and can constrict up to eight enemies at once.


Message History

You hear the sound of rushing water.
There is an entrance to a sewer on this level.
Hurry and find it before the portal rusts away!
You hear the slow rusting of a very distant drain.
There is a stone staircase leading down here.
As you read the scroll of revelation, it crumbles to dust.
You feel aware of your surroundings.
You sensed 1 shop/portal.
You see here a +4 whip of flaming.
c - a +4 whip of flaming Your +4 whip of flaming bursts into flame!
c - a +4 whip of flaming (weapon)
A shadow imp comes into view.
You whack the shadow imp! You burn the shadow imp.
You kill the shadow imp!
You have reached level 2!
A scorpion comes into view.
Found a staircase to the Ecumenical Temple.
The scorpion moves out of view.
You barely miss the scorpion. You grab the scorpion.
You constrict the scorpion, but do no damage.
The scorpion stings you.
You are poisoned.
The scorpion poisons you! The scorpion stings you!
You are more poisoned.
The scorpion poisons you!
You hit the scorpion. You burn the scorpion.
You squeeze the scorpion, but do no damage.
The scorpion is moderately wounded.
You constrict the scorpion, but do no damage.
* * * LOW HITPOINT WARNING * * *
You feel very sick. The scorpion closely misses you.
You hit the scorpion. You burn the scorpion.
The scorpion is almost dead.
You constrict the scorpion, but do no damage.
* * * LOW HITPOINT WARNING * * *
You feel very sick. The scorpion barely misses you.
You hit the scorpion. You burn the scorpion.
You kill the scorpion!
You die...

**,,*
*,,,,,,,,,,,,*,,,,,,,,
**,,*
##.#.#.#.#.#.,**,,,,,,,
**,,*
#............#**,,**,,,
**,,*
#..#.......#.#**,,***,,
**,,*
#............#*,,** **,
**,,*
#..#...>...#.#*,,* *,
##..#
#............#*,** **
.#..# #..#...†...#.#,**
* .#..#
#.....@......#,* *
....## #..#.#.#.#.#..**
.....## #.............*
......##
#.#..#######.#*
.......####...## **,*
........#...### *,**
..........### ***,*
..........#* ***,,**
...........#*****,,,,,*


There were no monsters in sight!

Vanquished Creatures
  A scorpion (D:5)
  A shadow imp (D:5)
2 creatures vanquished.

Notes
Turn   | Place    | Note
-------+----------+-------------------------------------------
     0 | D:5      | Azuregosa the Octopode Delver began the quest for the Orb.
     0 | D:5      | Reached XP level 1. HP: 16/16 MP: 1/1
    11 | D:6      | Found an ancient bone altar of Kikubaaqudgha.
    14 | D:6      | Noticed a sleepcap
    17 | D:6      | Noticed an ogre
    40 | D:6      | Noticed an ice beast
    80 | D:5      | Reached XP level 2. HP: 21/21 MP: 2/2
    83 | D:5      | Found a staircase to the Ecumenical Temple.
    83 | D:5      | Noticed a scorpion
    92 | D:5      | Killed a scorpion
    92 | D:5      | Succumbed to a scorpion's poison

Illustrated notes

Levels and vault maps discovered:
D:5:      layout_cave_pods, minmay_temple_entry_glass, portal_sewer_entry_a,
          dk_rats_in_the_wall
D:6:      layout_gridville, old_standard_altar, trog_wizard, old_standard_altar,
          minmay_misc_feat_secret_circle, uniq_jeremiah, uniq_maggie, uniq_pikel

Action                     || total
---------------------------++-------
  Melee: Whip              ||     5
         Constrict         ||     1
         Tentacles         ||     1
    Use: Scroll            ||     1
 Armour: Skin              ||     2
  Dodge: Dodged            ||     2

Table legend: (Time is in decaauts)
 A = Elapsed time spent in this place.
 B = Non-inter-level travel time spent in this place.
 C = Inter-level travel time spent in this place.
 D = Time resting spent in this place.
 E = Time spent auto-exploring this place.
 F = Levels seen in this place.
 G = Mean time per level.
                   A        B        C        D        E       F      G
               +--------+--------+--------+--------+--------+-----+--------+
         Total |     92 |     92 |      0 |      0 |      0 |   2 |   46.0 |
       Dungeon |     92 |     92 |      0 |      0 |      0 |   2 |   46.0 |
               +--------+--------+--------+--------+--------+-----+--------+

Top non-repeatable levels by time:
     D:6: 54 daAuts
     D:5: 37 daAuts
